Match 27209051
Unlisted

Match 27209051
End
Vickers Machine Gun Team
Construct Section Command Post
Selects Air and Sea Battlegroup
Infantry Section
Infantry Section
Infantry Section
ML 3-inch Mortar Team
Selects Supply Surplus
Construct Platoon Command Post
6-pounder Anti-tank Gun Team
Dark Devil
theGshovE
oziligath
Macallan
Zbirga
Hevsik
MatioS
Hunter GLA
0
0

Comments sign in to comment!

No comments posted yet!